TOP OF THE 1ST |
Cincinnati Reds batting - Pitching for Washington Nationals : LHP Dale Ahernfeld
|
Pitching: LHP Dale Ahernfeld
|
|
Batting: RHB Joseph Kirchmann
|
0-0: Ball 1-0: Ball 2-0: Ball 3-0: Base on Balls
|
Batting: LHB Ricky Ayon
|
0-0: Called Strike 0-1: Ball 1-1: Ball 2-1: Ball 3-1: Foul Ball, location: 2F 3-2: Foul Ball, location: 2F 3-2: Strikes out swinging Joseph Kirchmann steals 2nd base Batter strikes out.
|
Batting: LHB Chris Grunwald
|
0-0: Foul Ball, location: 2F 0-1: Swinging Strike 0-2: Ball 1-2: Ball 2-2: Strikes out swinging
|
Batting: RHB Omar Quintana
|
0-0: Ground out 4-3 (Groundball, 34D, EV 84.4 MPH)
|
Top of the 1st over - 0 runs, 0 hits, 0 errors, 1 left on base; Cincinnati 0 - Washington 0 |
BOTTOM OF THE 1ST |
Washington Nationals batting - Pitching for Cincinnati Reds : RHP Bryce Schimmoeller
|
Pitching: RHP Bryce Schimmoeller
|
|
Batting: RHB Dave Vargas
|
0-0: Foul Ball, location: 2F 0-1: Ball 1-1: Foul Ball, location: 2F 1-2: Foul Ball, location: 2F 1-2: Ground out 6-3 (Groundball, 6, EV 81.2 MPH)
|
Batting: LHB Seth Cook
|
0-0: Called Strike 0-1: Ball 1-1: Foul Ball, location: 2F 1-2: Strikes out swinging
|
Batting: RHB John Sanders
|
0-0: Called Strike 0-1: Ball 1-1: Ground out 4-3 (Groundball, 4, EV 85.0 MPH)
|
Bottom of the 1st over - 0 runs, 0 hits, 0 errors, 0 left on base; Cincinnati 0 - Washington 0 |
TOP OF THE 2ND |
Cincinnati Reds batting - Pitching for Washington Nationals : LHP Dale Ahernfeld
|
Batting: RHB Bruno André
|
0-0: Ball 1-0: Foul Ball, location: 2F 1-1: Ball 2-1: Ground out 1-3 (Groundball, 34S, EV 63.8 MPH)
|
Batting: SHB Saulo Maina
|
0-0: Ball 1-0: Foul Ball, location: 2F 1-1: Ball 2-1: DOUBLE (Flyball, 8RXD, EV 99.4 MPH)
|
Batting: LHB Jon Ledesma
|
0-0: Ground out 5-3 (Groundball, 5, EV 102.5 MPH)
|
Batting: LHB Antonio Figueroa
|
0-0: Foul Ball, location: 2F 0-1: Ground out 6-3 (Groundball, 6S, EV 63.8 MPH)
|
Top of the 2nd over - 0 runs, 1 hit, 0 errors, 1 left on base; Cincinnati 0 - Washington 0 |
BOTTOM OF THE 2ND |
Washington Nationals batting - Pitching for Cincinnati Reds : RHP Bryce Schimmoeller
|
Batting: LHB Alexis Cantu
|
0-0: Called Strike 0-1: SINGLE (Groundball, 4M, EV 100.0 MPH) (infield hit)
|
Batting: RHB Dan Fallon
|
0-0: Ball 1-0: Foul Ball, location: 2F 1-1: Fielders Choice at 2nd, 6-4 (Groundball, 6, EV 88.8 MPH)
|
Batting: RHB Adam Burke
|
0-0: Ball 1-0: Swinging Strike 1-1: Fly out, F4 (Line Drive, 4, EV 61.2 MPH)
|
Batting: LHB Pat Aviles
|
0-0: Ball 1-0: Ground out 4-3 (Groundball, 34D, EV 83.8 MPH)
|
Bottom of the 2nd over - 0 runs, 1 hit, 0 errors, 1 left on base; Cincinnati 0 - Washington 0 |
TOP OF THE 3RD |
Cincinnati Reds batting - Pitching for Washington Nationals : LHP Dale Ahernfeld
|
Batting: LHB Andy Arbuckle
|
0-0: Ball 1-0: Swinging Strike 1-1: Foul Ball, location: 2F 1-2: Foul Ball, location: 2F 1-2: Foul Ball, location: 2F 1-2: Ground out 5-3 (Groundball, 5L, EV 91.9 MPH)
|
Batting: RHB Joseph Kirchmann
|
0-0: Ground out 6-3 (Groundball, 6, EV 86.9 MPH)
|
Batting: LHB Ricky Ayon
|
0-0: Foul Ball, location: 2F 0-1: Ball 1-1: Ground out 4-3 (Groundball, 4D, EV 98.8 MPH)
|
Top of the 3rd over - 0 runs, 0 hits, 0 errors, 0 left on base; Cincinnati 0 - Washington 0 |
BOTTOM OF THE 3RD |
Washington Nationals batting - Pitching for Cincinnati Reds : RHP Bryce Schimmoeller
|
Batting: RHB Justin Bonner
|
0-0: Ball 1-0: Foul Ball, location: 2F 1-1: DOUBLE (Line Drive, 7LM, EV 93.8 MPH)
|
Batting: RHB Danny Gerardo
|
0-0: Ball 1-0: Swinging Strike 1-1: SINGLE (Groundball, 6MD, EV 108.8 MPH) Justin Bonner to third
|
Batting: RHB Dave Vargas
|
0-0: Foul Ball, location: 2F 0-1: Ball 1-1: Fly out, F7 (Line Drive, 78S, EV 86.9 MPH) Runner from 3rd tags up, OUT at HOME! 7-2 Danny Gerardo to second
|
Batting: LHB Seth Cook
|
0-0: Swinging Strike 0-1: Foul Ball, location: 2F 0-2: Strikes out swinging
|
Bottom of the 3rd over - 0 runs, 2 hits, 0 errors, 1 left on base; Cincinnati 0 - Washington 0 |
TOP OF THE 4TH |
Cincinnati Reds batting - Pitching for Washington Nationals : LHP Dale Ahernfeld
|
Batting: LHB Chris Grunwald
|
0-0: Ball 1-0: Called Strike 1-1: Foul Ball, location: 2F 1-2: Fly out, F8 (Flyball, 8RD, EV 97.5 MPH)
|
Batting: RHB Omar Quintana
|
0-0: DOUBLE (Flyball, 9LD, EV 109.4 MPH)
|
Batting: RHB Bruno André
|
0-0: Ball Wild Pitch! Omar Quintana to third 1-0: Called Strike 1-1: Called Strike 1-2: Ball 2-2: Ball 3-2: Foul Ball, location: 2F 3-2: Fly out, F7 (Flyball, 78XD, EV 101.2 MPH) Runner from 3rd tags up, SCORES, no throw by LF
|
Batting: SHB Saulo Maina
|
0-0: Reached on error, E6 (Groundball, 6, EV 91.9 MPH)
|
Batting: LHB Jon Ledesma
|
0-0: Ball 1-0: Foul Ball, location: 2F 1-1: Called Strike 1-2: 2-RUN HOME RUN (Line Drive, 9D, EV 98.8 MPH), Distance : 374 ft
|
Batting: LHB Antonio Figueroa
|
0-0: Ball 1-0: Swinging Strike 1-1: Ball 2-1: Foul Ball, location: 2F 2-2: Ball 3-2: Ground out 6-3 (Groundball, 6M, EV 104.4 MPH)
|
Top of the 4th over - 3 runs, 2 hits, 1 error, 0 left on base; Cincinnati 3 - Washington 0 |
BOTTOM OF THE 4TH |
Washington Nationals batting - Pitching for Cincinnati Reds : RHP Bryce Schimmoeller
|
Batting: RHB John Sanders
|
0-0: Ball 1-0: SINGLE (Groundball, 6MD, EV 103.1 MPH)
|
Batting: LHB Alexis Cantu
|
0-0: Ball 1-0: Called Strike 1-1: Ball 2-1: Called Strike 2-2: Ball 3-2: Ground out 4-3 (Groundball, 34D, EV 92.5 MPH) John Sanders to second
|
Batting: RHB Dan Fallon
|
0-0: Foul Ball, location: 2F 0-1: Foul Ball, location: 2F 0-2: Foul Ball, location: 2F 0-2: SINGLE (Groundball, 56D, EV 110.6 MPH) John Sanders to third Runner from 3rd tries for Home, SAFE, throw by LF to home
|
Batting: RHB Adam Burke
|
0-0: Ball 1-0: Ball 2-0: DOUBLE (Line Drive, 9LM, EV 109.4 MPH) Dan Fallon to third
|
Batting: LHB Pat Aviles
|
0-0: Ball 1-0: Ball 2-0: DOUBLE (Line Drive, 7LM, EV 107.5 MPH) Dan Fallon scores Adam Burke scores
|
Batting: RHB Justin Bonner
|
0-0: Foul Ball, location: 2F 0-1: Called Strike 0-2: SINGLE (Groundball, 4MD, EV 98.8 MPH) Pat Aviles to third
|
Batting: RHB Danny Gerardo
|
0-0: Swinging Strike 0-1: Foul Ball, location: 2F 0-2: Ball 1-2: Strikes out swinging
|
Batting: RHB Dave Vargas
|
0-0: Ball 1-0: Ball 2-0: Ball 3-0: Base on Balls Justin Bonner to second
|
Batting: LHB Seth Cook
|
0-0: Called Strike 0-1: Called Strike 0-2: Ball 1-2: Ball 2-2: Foul Ball, location: 2F 2-2: Foul Ball, location: 2F 2-2: Ball 3-2: Foul Ball, location: 2F 3-2: Foul Ball, location: 2F 3-2: Ground out 6-3 (Groundball, 6M, EV 107.5 MPH)
|
Bottom of the 4th over - 3 runs, 5 hits, 0 errors, 3 left on base; Cincinnati 3 - Washington 3 |
TOP OF THE 5TH |
Cincinnati Reds batting - Pitching for Washington Nationals : LHP Dale Ahernfeld
|
Batting: LHB Andy Arbuckle
|
0-0: Called Strike 0-1: Called Strike 0-2: Foul Ball, location: 2F 0-2: SINGLE (Groundball, 34D, EV 101.2 MPH)
|
Batting: RHB Joseph Kirchmann
|
0-0: Ball 1-0: Ball 2-0: Called Strike 2-1: Ball 3-1: Grounds into double play, 6-4-3 (Groundball, 6MD, EV 108.1 MPH)
|
Batting: LHB Ricky Ayon
|
0-0: Called Strike 0-1: Ball 1-1: Ball 2-1: Foul Ball, location: 2F 2-2: Ball 3-2: Foul Ball, location: 2F 3-2: Fly out, F7 (Line Drive, 78M, EV 96.9 MPH)
|
Top of the 5th over - 0 runs, 1 hit, 0 errors, 0 left on base; Cincinnati 3 - Washington 3 |
BOTTOM OF THE 5TH |
Washington Nationals batting - Pitching for Cincinnati Reds : RHP Bryce Schimmoeller
|
Batting: RHB John Sanders
|
0-0: Foul Ball, location: 2F 0-1: Foul Ball, location: 2F 0-2: Ground out 4-3 (Groundball, 34, EV 92.5 MPH)
|
Batting: LHB Alexis Cantu
|
0-0: Foul Ball, location: 2F 0-1: Swinging Strike 0-2: Ball 1-2: Ball 2-2: Strikes out swinging
|
Batting: RHB Dan Fallon
|
0-0: Called Strike 0-1: Fly out, F8 (Line Drive, 8RD, EV 90.6 MPH)
|
Bottom of the 5th over - 0 runs, 0 hits, 0 errors, 0 left on base; Cincinnati 3 - Washington 3 |
TOP OF THE 6TH |
Cincinnati Reds batting - Pitching for Washington Nationals : LHP Dale Ahernfeld
|
Batting: LHB Chris Grunwald
|
0-0: Called Strike 0-1: Ball 1-1: Foul Ball, location: 2F 1-2: Ball 2-2: Foul Ball, location: 2F 2-2: Ball 3-2: Base on Balls
|
Batting: RHB Omar Quintana
|
0-0: Called Strike Chris Grunwald steals 2nd base 0-1: Swinging Strike 0-2: Ball 1-2: Strikes out looking
|
Batting: RHB Bruno André
|
0-0: Intentional Walk
|
Batting: SHB Saulo Maina
|
0-0: Fly out, F7 (Flyball, 7LD, EV 105.6 MPH) Runner from 2nd tags up, SAFE at 3rd, no throw by LF
|
Batting: LHB Jon Ledesma
|
0-0: DOUBLE (Line Drive, 78D, EV 112.5 MPH) Chris Grunwald scores Bruno André to third
|
Batting: LHB Antonio Figueroa
|
0-0: Intentional Walk
|
Batting: LHB Andy Arbuckle
|
0-0: Ball 1-0: Ball 2-0: Foul Ball, location: 2F 2-1: Foul Ball, location: 2F 2-2: Ball 3-2: Base on Balls Bruno André scores Jon Ledesma to third Antonio Figueroa to second
|
Pitching: LHP Jake Richards
|
|
Batting: RHB Joseph Kirchmann
|
0-0: Swinging Strike 0-1: Foul Ball, location: 2F 0-2: Ball 1-2: Ball 2-2: Strikes out swinging
|
Top of the 6th over - 2 runs, 1 hit, 0 errors, 3 left on base; Cincinnati 5 - Washington 3 |
BOTTOM OF THE 6TH |
Washington Nationals batting - Pitching for Cincinnati Reds : RHP Bryce Schimmoeller
|
Batting: RHB Adam Burke
|
0-0: Ball 1-0: Ball 2-0: Foul Ball, location: 2F 2-1: Ball 3-1: Called Strike 3-2: Foul Ball, location: 2F 3-2: Foul Ball, location: 2F 3-2: SINGLE (Line Drive, 4D, EV 95.0 MPH)
|
Batting: LHB Pat Aviles
|
0-0: Called Strike 0-1: Swinging Strike 0-2: Ball 1-2: Ball 2-2: Foul Ball, location: 2F 2-2: Ball 3-2: Strikes out looking
|
Batting: RHB Justin Bonner
|
0-0: Reached on error, E4 (Groundball, 4M, EV 96.9 MPH) Adam Burke to second
|
Batting: RHB Danny Gerardo
|
0-0: 3-RUN HOME RUN (Flyball, 7D, EV 98.1 MPH), Distance : 374 ft
|
Pitching: RHP Sam Alexander
|
|
Pinch Hitting: LHB R.J. O'Brien
|
0-0: Called Strike 0-1: Ball 1-1: Ball 2-1: Called Strike 2-2: Foul Ball, location: 2F 2-2: SINGLE (Line Drive, 7S, EV 94.4 MPH)
|
Batting: LHB Seth Cook
|
0-0: Ball 1-0: Foul Ball, location: 2F 1-1: Ball 2-1: Grounds into double play, U6-3 (Groundball, 4M, EV 96.2 MPH)
|
Bottom of the 6th over - 3 runs, 3 hits, 1 error, 0 left on base; Cincinnati 5 - Washington 6 |
TOP OF THE 7TH |
Cincinnati Reds batting - Pitching for Washington Nationals : LHP Jake Richards
|
Now in LF: Pat Aviles
|
|
Now in CF: R.J. O'Brien
|
|
Pinch Hitting: SHB Dave Barefoot
|
0-0: Ball 1-0: Ground out 5-3 (Groundball, 5S, EV 90.0 MPH)
|
Batting: LHB Chris Grunwald
|
0-0: Ball 1-0: Ball 2-0: Ball 3-0: Called Strike 3-1: Base on Balls
|
Batting: RHB Omar Quintana
|
0-0: Foul Ball, location: 2F 0-1: Swinging Strike 0-2: Fly out, F4 (Line Drive, 4, EV 72.5 MPH)
|
Batting: RHB Bruno André
|
0-0: Ball 1-0: Swinging Strike 1-1: Ball Chris Grunwald is caught stealing 2nd base 2-4
|
Top of the 7th over - 0 runs, 0 hits, 0 errors, 0 left on base; Cincinnati 5 - Washington 6 |
BOTTOM OF THE 7TH |
Washington Nationals batting - Pitching for Cincinnati Reds : RHP Sam Alexander
|
Now at 2B: Dave Barefoot
|
|
Now in LF: Bruno André
|
|
Batting: RHB John Sanders
|
0-0: Foul Ball, location: 2F 0-1: Foul Ball, location: 2F 0-2: Strikes out looking
|
Batting: LHB Alexis Cantu
|
0-0: Ball 1-0: Foul Ball, location: 2F 1-1: Ball 2-1: Swinging Strike 2-2: Ball 3-2: SINGLE (Groundball, 56D, EV 110.0 MPH)
|
Batting: RHB Dan Fallon
|
0-0: Foul Ball, location: 2F 0-1: Ball 1-1: Foul Ball, location: 2F 1-2: Foul Ball, location: 2F 1-2: Ball 2-2: Strikes out swinging
|
Batting: RHB Adam Burke
|
0-0: Called Strike 0-1: Ball 1-1: Ball 2-1: Ball 3-1: Called Strike 3-2: Foul Ball, location: 2F 3-2: Fly out, F7 (Flyball, 7LS, EV 88.1 MPH)
|
Bottom of the 7th over - 0 runs, 1 hit, 0 errors, 1 left on base; Cincinnati 5 - Washington 6 |
TOP OF THE 8TH |
Cincinnati Reds batting - Pitching for Washington Nationals : LHP Jake Richards
|
Pitching: RHP Kyle Bradley
|
|
Batting: RHB Bruno André
|
0-0: Foul Ball, location: 2F 0-1: Called Strike 0-2: DOUBLE (Line Drive, 3D, EV 95.6 MPH)
|
Batting: SHB Saulo Maina
|
0-0: Ball 1-0: Foul Ball, location: 2F 1-1: Ball 2-1: Fly out, F8 (Flyball, 8RM, EV 86.2 MPH)
|
Batting: LHB Jon Ledesma
|
0-0: Ball 1-0: Foul Ball, location: 2F 1-1: Swinging Strike 1-2: Strikes out swinging
|
Batting: LHB Antonio Figueroa
|
0-0: Ball 1-0: Ball 2-0: Ball 3-0: Called Strike 3-1: Foul Ball, location: 2F 3-2: Strikes out swinging
|
Top of the 8th over - 0 runs, 1 hit, 0 errors, 1 left on base; Cincinnati 5 - Washington 6 |
BOTTOM OF THE 8TH |
Washington Nationals batting - Pitching for Cincinnati Reds : RHP Sam Alexander
|
Batting: LHB Pat Aviles
|
0-0: Called Strike 0-1: Ball 1-1: Ball 2-1: DOUBLE (Flyball, 8LXD, EV 98.8 MPH)
|
Batting: RHB Justin Bonner
|
0-0: Ball 1-0: Ball 2-0: Ball 3-0: Called Strike 3-1: SINGLE (Groundball, 6MD, EV 96.9 MPH) Pat Aviles to third Runner from 3rd tries for Home, SAFE, throw by CF to home Justin Bonner to second
|
Batting: RHB Danny Gerardo
|
0-0: Ball 1-0: Swinging Strike 1-1: Ball 2-1: Called Strike 2-2: Strikes out swinging
|
Batting: LHB R.J. O'Brien
|
0-0: Ball 1-0: Called Strike 1-1: Foul Ball, location: 2F 1-2: Foul Ball, location: 2F 1-2: Strikes out swinging
|
Batting: LHB Seth Cook
|
0-0: Intentional Walk
|
Batting: RHB John Sanders
|
0-0: Ball 1-0: Foul Ball, location: 2F 1-1: Swinging Strike 1-2: Ball 2-2: Fly out, F9 (Flyball, 9S, EV 86.2 MPH)
|
Bottom of the 8th over - 1 run, 2 hits, 0 errors, 2 left on base; Cincinnati 5 - Washington 7 |
TOP OF THE 9TH |
Cincinnati Reds batting - Pitching for Washington Nationals : RHP Kyle Bradley
|
Batting: LHB Andy Arbuckle
|
0-0: Ball 1-0: Fly out, F7 (Line Drive, 7S, EV 86.2 MPH)
|
Batting: RHB Joseph Kirchmann
|
0-0: Called Strike 0-1: Ball 1-1: DOUBLE (Line Drive, 9LD, EV 99.4 MPH)
|
Batting: SHB Dave Barefoot
|
0-0: Ball 1-0: Called Strike 1-1: Ball 2-1: Foul Ball, location: 2F 2-2: Ball 3-2: Base on Balls
|
Batting: LHB Chris Grunwald
|
0-0: Ball 1-0: Ball 2-0: Called Strike 2-1: Foul Ball, location: 2F 2-2: Foul Ball, location: 2F 2-2: Strikes out swinging
|
Batting: RHB Omar Quintana
|
0-0: Called Strike 0-1: Ball 1-1: Ball 2-1: Foul Ball, location: 2F 2-2: Ball 3-2: Base on Balls Joseph Kirchmann to third Dave Barefoot to second
|
Batting: RHB Bruno André
|
0-0: Ball 1-0: Fly out, F2 (Popup, 2RF, EV 88.1 MPH)
|
Top of the 9th over - 0 runs, 1 hit, 0 errors, 3 left on base; Cincinnati 5 - Washington 7 |
|